 Dungeon Crawl Stone Soup version 0.27.1-2-g3b301248ec (console) character file.

Game seed: 8667367442590323639

12702 erker the Martial Artist (level 11, -1/126 HPs)
             Began as a Gnoll Transmuter on Sept 25, 2021.
             Was an Initiate of Cheibriados.
             Succumbed to nuka's ghost's poison
             ... on level 8 of the Dungeon on Oct 1, 2021.
             The game lasted 00:43:49 (11140 turns).

erker the Martial Artist (Gnoll Transmuter)        Turns: 11140, Time: 00:43:49

Health: -1/126     AC: 25    Str: 15    XL:     11   Next: 97%
Magic:  18/23      EV:  2    Int: 16    God:    Cheibriados [......]
Gold:   448        SH:  6    Dex: 14    Spells: 15/26 levels left

rFire    x . .     SeeInvis .   H - +6 war axe {vorpal, rPois rF- Will+ Str+4}
rCold    . . .     Faith    +   K - +0 buckler
rNeg     + + +     Spirit   .   (armour currently unavailable)
rPois    +         Reflect  .   (helmet currently unavailable)
rElec    .         Harm     .   (cloak currently unavailable)
rCorr    .         Rampage  .   (gloves currently unavailable)
Will     +....     NoTele   +   (boots currently unavailable)
Stlth    +++.......             v - amulet of faith
HPRegen  0.31/turn              t - ring of poison resistance
MPRegen  0.18/turn              (no ring)

@: lethally poisoned (-1 -> -9), tree-form (expiring), very slow
A: stationary, stasis, torment immunity, boosted hp, (fangs 1), strong nose,
distributed training
a: Renounce Religion, Bend Time


You were on level 8 of the Dungeon.
You worshipped Cheibriados.
Cheibriados was noncommittal.
You were a tree.
You visited 2 branches of the dungeon, and saw 10 of its levels.
You also visited: Ossuary.

You collected 458 gold pieces.
You spent 10 gold pieces at shops.

Inventory:

Hand Weapons
 F - a +1 broad axe of flaming
 H - the +6 war axe of Qagyer (weapon) {vorpal, rPois rF- Will+ Str+4}
   (You found it on level 6 of the Dungeon)

   It inflicts extra damage upon your enemies.
   Str:       It affects your strength (+4).
   rF:        It makes you vulnerable to fire.
   rPois:     It protects you from poison.
   Will:      It increases your willpower.
Missiles
 o - 32 poisoned darts (quivered)
 C - a throwing net
 O - a curare-tipped dart
Armour
 b - a +1 helmet of intelligence (melded)
 c - a +0 pair of gloves (melded)
 x - +1 steam dragon scales (melded)
 y - the +1 ring mail of Jigsaw {Will+}
   (You found it on level 5 of the Dungeon)

   Will:      It increases your willpower.
 D - a +0 kite shield
 K - a +0 buckler (worn)
Magical Staves
 p - a staff of cold
 N - a staff of fire
 P - a staff of conjuration
Jewellery
 i - a ring of ice
 t - a ring of poison resistance (left branch)
 v - an amulet of faith (around neck)
Wands
 E - a wand of digging (12)
 R - a wand of mindburst (18)
 T - a wand of paralysis (6)
Scrolls
 e - a scroll of noise {unknown}
 f - 3 scrolls of brand weapon
 g - a scroll of fog {unknown}
 j - a scroll of summoning {unknown}
 k - 4 scrolls of fear {unknown}
 l - 3 scrolls of enchant armour {unknown}
 m - 5 scrolls of teleportation
 n - 3 scrolls of amnesia {unknown}
 u - 3 scrolls of enchant weapon {unknown}
 G - a scroll of identify
 J - a scroll of immolation {unknown}
 L - a scroll of blinking {unknown}
 M - 3 scrolls of magic mapping {unknown}
Potions
 d - 2 potions of flight
 h - a potion of invisibility
 q - 2 potions of brilliance
 r - a potion of berserk rage
 w - 2 potions of mutation
 z - 2 potions of haste
 A - a potion of might {unknown}
 I - a potion of cancellation {unknown}
 Q - a potion of experience
 S - a potion of resistance {unknown}


   Skills:
 + Level 7.2 Fighting
 + Level 6.6 Short Blades
 + Level 6.6 Long Blades
 + Level 6.6 Axes
 + Level 6.6 Maces & Flails
 + Level 6.6 Polearms
 + Level 6.6 Staves
 + Level 6.6 Slings
 + Level 6.6 Bows
 + Level 6.6 Crossbows
 + Level 6.6 Throwing
 + Level 6.6 Armour
 + Level 8.1 Dodging
 + Level 6.6 Stealth
 + Level 6.6 Shields
 + Level 9.4 Unarmed Combat
 + Level 8.4 Spellcasting
 + Level 5.5 Conjurations
 + Level 5.5 Hexes
 + Level 5.5 Summonings
 + Level 5.5 Necromancy
 + Level 5.5 Translocations
 + Level 6.8 Transmutations
 + Level 5.5 Fire Magic
 + Level 5.5 Ice Magic
 + Level 5.5 Air Magic
 + Level 5.5 Earth Magic
 + Level 5.5 Poison Magic
 + Level 7.3 Invocations
 + Level 6.6 Evocations


You had 15 spell levels left.
You knew the following spells:

 Your Spells              Type           Power      Damage    Failure   Level
a - Beastly Appendage     Tmut           56%        N/A       1%          1
c - Conjure Flame         Conj/Fire      24%        6-21      3%          3
s - Spider Form           Tmut/Pois      13%        N/A       2%          3
y - Ice Form              Ice/Tmut       26%        N/A       9%          4

Your spell library contained the following spells:

 Spells                   Type           Power      Damage    Failure   Level
 Foxfire                  Conj/Fire      96%        2x1d8     1%          1
 Ensorcelled Hibernation  Hex/Ice        48%        N/A       1%          2
 Wereblood                Tmut           28%        N/A       1%          2
 Inner Flame              Hex/Fire       24%        N/A       3%          3
 Stone Arrow              Conj/Erth      48%        3d10      3%          3
 Bolt of Magma            Conj/Fire/Erth 12%        4d8       30%         5
 Shadow Creatures         Summ           N/A        N/A       86%         6
 Shatter                  Erth           12%        3d13*     100%        9


Dungeon Overview and Level Annotations

Branches:
Dungeon (9/15)             Temple (1/1) D:6            Lair (0/6) D:9
Ossuary (visited)
    Orc: D:9-12

Altars:
Ashenzari
Cheibriados
Dithmenos
Elyvilon
Fedhas
Gozag
Hepliaklqana
Kikubaaqudgha
Makhleb
Nemelex Xobeh
Okawaru
Qazlal
Ru
Sif Muna
Trog
Uskayaw
Vehumet
Wu Jian
Xom
Yredelemnul
Zin
The Shining One

Shops:
D:1 !   D:7 (

Annotations:
D:4 1 exclusion
D:8 1 transporter
D:9 exclusion: hydra, Erica


Innate Abilities, Weirdness & Mutations

You are a tree.
Your roots penetrate the ground, keeping you stationary.
You cannot be teleported.
You are immune to unholy pain and torment.
Your maximum health is greatly increased.
Your equipment is partially melded.
((You have very sharp teeth.))
Your uncanny sense of smell can sniff out nearby items.
Your experience applies equally to all skills.


Message History

Okay, then.
Aiming: Mindburst
Press: ? - help, Shift-Dir - straight line, f - nuka's ghost
Aim: nuka's ghost, wielding a weapon of venom (severely damaged, chance to affect: 49%) Nuka's ghost's mind is blasted!!
You blow up nuka's ghost!
Cheibriados appreciates the change of pace.
* * * LOW HITPOINT WARNING * * *
You feel very sick.
You feel more experienced!
Your Fighting skill increases to level 7!
Your Short Blades skill increases to level 6!
Your Long Blades skill increases to level 6!
Your Axes skill increases to level 6!
Your Maces & Flails skill increases to level 6!
Your Polearms skill increases to level 6!
Your Staves skill increases to level 6!
Your Slings skill increases to level 6!
Your Bows skill increases to level 6!
Your Crossbows skill increases to level 6!
Your Throwing skill increases to level 6!
Your Armour skill increases to level 6!
Your Dodging skill increases to level 8!
Your Stealth skill increases to level 6!
Your Shields skill increases to level 6!
Your Unarmed Combat skill increases to level 9!
Your Spellcasting skill increases to level 8!
Your Conjurations skill increases to level 5!
Your Hexes skill increases to level 5!
Your Summonings skill increases to level 5!
Your Necromancy skill increases to level 5!
Your Translocations skill increases to level 5!
Your Fire Magic skill increases to level 5!
Your Ice Magic skill increases to level 5!
Your Air Magic skill increases to level 5!
Your Earth Magic skill increases to level 5!
Your Poison Magic skill increases to level 5!
Your Invocations skill increases to level 7!
Your Evocations skill increases to level 6!
You have reached level 11!
You die...

##..####.###...
#.....>....#...
#..........#...
##....###.#####
#.....###'###..
#......#....#..
##.....#....#..
#############....#..
#..♣).©.....########
#.)##...##..########
#.#..#.#..#.#....).'
#.#..#.#..#.#......#
#..##...##..#.###.##
##....$[[.W.©#.###'##
##############..#....
#.....©.©.......#>...
######...#####..##...


There were no monsters in sight!

Vanquished Creatures
  A two-headed ogre (D:9)
  The ghost of nuka the Blocker, a novice GrFi of Elyvilon (D:8)
  A deep elf pyromancer (D:8)
  A manticore (D:9)
  Joseph (D:9)
  Maurice (D:8)
  Maggie (D:6)
  A hornet (D:9)
  A wraith (D:4)
  A wyvern (D:9)
  Edmund (D:4)
  A sky beast (D:7)
  3 black bears
  4 ogres
  A phantom (D:4)
  5 centaurs
  A kobold brigand (D:8)
  An elf zombie (D:4)
  2 scorpions
  2 elf skeletons (D:4)
  A wyvern zombie (D:8)
  2 water moccasin skeletons
  10 wights
  2 centaur zombies
  3 orc priests
  A centaur skeleton (D:6)
  2 jellies
  A human zombie (D:4)
  A bullfrog skeleton (D:7)
  4 iguanas
  3 orc wizards
  A killer bee zombie (D:6)
  2 hound skeletons (D:4)
  3 mummies (Ossuary)
  A howler monkey zombie (D:5)
  3 gnolls (D:5)
  8 adders
  A shadow imp (D:8)
  3 white imps
  3 adder skeletons (D:4)
  2 worms (D:3)
  7 dart slugs
  21 orcs
  6 endoplasms
  3 giant cockroaches
  7 goblins
  12 hobgoblins
  3 jackals (D:5)
  16 kobolds
  9 ball pythons
  6 bats
  3 frilled lizards
  5 goblin zombies (Ossuary)
  3 hobgoblin zombies (Ossuary)
  3 kobold zombies (Ossuary)
  An orc skeleton (D:4)
  2 orc zombies
  9 rats
204 creatures vanquished.

Vanquished Creatures (others)
  36 plants (D:3)
36 creatures vanquished.

Grand Total: 240 creatures vanquished

Notes
Turn   | Place    | Note
-------+----------+-------------------------------------------
     0 | D:1      | erker the Gnoll Transmuter began the quest for the Orb.
     0 | D:1      | Reached XP level 1. HP: 17/17 MP: 6/6
   376 | D:1      | Reached XP level 2. HP: 22/23 MP: 5/7
   610 | D:1      | Reached XP level 3. HP: 17/28 MP: 9/9
   612 | D:1      | Reached skill level 5 in Spellcasting
   751 | D:1      | Found Xoir's Distillery.
   768 | D:1      | Bought a potion of degeneration for 10 gold pieces
   774 | D:1      | Learned a level 3 spell: Spider Form
  1112 | D:1      | Found a faded altar of an unknown god.
  1117 | D:1      | Reached skill level 1 in Invocations
  1468 | D:2      | Reached skill level 1 in Short Blades
  1468 | D:2      | Reached skill level 1 in Long Blades
  1468 | D:2      | Reached skill level 1 in Axes
  1468 | D:2      | Reached skill level 1 in Maces & Flails
  1468 | D:2      | Reached skill level 1 in Polearms
  1468 | D:2      | Reached skill level 1 in Staves
  1468 | D:2      | Reached skill level 1 in Slings
  1468 | D:2      | Reached skill level 1 in Bows
  1468 | D:2      | Reached skill level 1 in Crossbows
  1468 | D:2      | Reached skill level 1 in Throwing
  1468 | D:2      | Reached skill level 1 in Armour
  1468 | D:2      | Reached skill level 1 in Stealth
  1468 | D:2      | Reached skill level 1 in Shields
  1468 | D:2      | Reached skill level 1 in Evocations
  1635 | D:2      | Reached XP level 4. HP: 34/34 MP: 9/11
  2398 | D:3      | Reached skill level 1 in Conjurations
  2398 | D:3      | Reached skill level 1 in Hexes
  2398 | D:3      | Reached skill level 1 in Summonings
  2398 | D:3      | Reached skill level 1 in Necromancy
  2398 | D:3      | Reached skill level 1 in Translocations
  2398 | D:3      | Reached skill level 1 in Fire Magic
  2398 | D:3      | Reached skill level 1 in Ice Magic
  2398 | D:3      | Reached skill level 1 in Air Magic
  2398 | D:3      | Reached skill level 1 in Earth Magic
  2398 | D:3      | Reached skill level 1 in Poison Magic
  3090 | D:4      | Reached XP level 5. HP: 40/40 MP: 8/12
  3111 | D:4      | Noticed Edmund
  3125 | D:4      | Noticed a centaur
  3217 | D:4      | Reached XP level 6. HP: 11/47 MP: 9/13
  3300 | D:4      | Found a sand-covered staircase.
  3314 | D:4      | Reached skill level 5 in Dodging
  3396 | Ossuary  | Entered an ossuary
  3396 | Ossuary  | Noticed a wraith
  3396 | Ossuary  | Noticed a wraith
  3396 | Ossuary  | Noticed a wraith
  3728 | Ossuary  | Noticed a wraith
  4018 | Ossuary  | Learned a level 4 spell: Ice Form
  4022 | Ossuary  | Learned a level 3 spell: Conjure Flame
  4068 | D:4      | Killed a wraith
  4069 | D:4      | Reached skill level 7 in Unarmed Combat
  4069 | D:4      | Reached XP level 7. HP: 34/52 MP: 7/15
  4621 | D:4      | Killed Edmund
  5356 | D:4      | Reached XP level 8. HP: 58/60 MP: 16/16
  5649 | D:5      | Entered Level 5 of the Dungeon
  5811 | D:5      | Identified the +1 ring mail of Jigsaw {Will+}
  6979 | D:6      | Found a snail-covered altar of Cheibriados.
  7332 | D:6      | Noticed Maggie
  7365 | D:6      | Killed Maggie
  7366 | D:6      | Reached skill level 5 in Transmutations
  7366 | D:6      | Reached XP level 9. HP: 26/67 MP: 14/18
  7861 | D:6      | Identified the +6 war axe of Qagyer {vorpal, rPois rF-
                  | Will+ Str+4}
  7927 | D:6      | Found a staircase to the Ecumenical Temple.
  8285 | Temple   | Entered the Ecumenical Temple
  8474 | D:7      | Found Volyfeng's Antique Weapon Shop.
  8631 | D:7      | Reached skill level 5 in Fighting
  9119 | D:7      | Reached skill level 8 in Unarmed Combat
  9484 | D:8      | Reached skill level 5 in Invocations
  9765 | D:8      | Noticed a deep elf pyromancer
  9771 | D:8      | Killed a deep elf pyromancer
  9772 | D:8      | Reached XP level 10. HP: 75/75 MP: 16/20
  9951 | D:8      | Noticed nuka's ghost (novice GrFi)
  9952 | D:8      | Found a transporter.
  9953 | D:8      | Found a transporter.
  9953 | D:8      | Identified the +9 dire flail of Gigaf {drain, rCorr Dex-2
                  | SInv}
 10148 | D:8      | Noticed Maurice
 10160 | D:8      | Killed Maurice
 10161 | D:8      | Reached skill level 5 in Short Blades
 10161 | D:8      | Reached skill level 5 in Long Blades
 10161 | D:8      | Reached skill level 5 in Axes
 10161 | D:8      | Reached skill level 5 in Maces & Flails
 10161 | D:8      | Reached skill level 5 in Polearms
 10161 | D:8      | Reached skill level 5 in Staves
 10161 | D:8      | Reached skill level 5 in Slings
 10161 | D:8      | Reached skill level 5 in Bows
 10161 | D:8      | Reached skill level 5 in Crossbows
 10161 | D:8      | Reached skill level 5 in Throwing
 10161 | D:8      | Reached skill level 5 in Armour
 10161 | D:8      | Reached skill level 5 in Stealth
 10161 | D:8      | Reached skill level 5 in Shields
 10161 | D:8      | Reached skill level 5 in Evocations
 10238 | D:9      | Found a staircase to the Lair.
 10275 | D:9      | Noticed a seven-headed hydra
 10307 | D:9      | Noticed Erica
 10320 | D:9      | Noticed Joseph
 10344 | D:9      | Killed Joseph
 10363 | D:9      | Noticed a two-headed ogre
 10377 | D:9      | Killed a two-headed ogre
 10540 | D:9      | Noticed a manticore
 10554 | D:9      | Killed a manticore
 10970 | D:6      | Became a worshipper of Cheibriados the Contemplative
 11136 | D:8      | HP: 4/114 [nuka's ghost (12)]
 11139 | D:8      | Killed nuka's ghost
 11140 | D:8      | Reached skill level 9 in Unarmed Combat
 11140 | D:8      | Reached skill level 5 in Conjurations
 11140 | D:8      | Reached skill level 5 in Hexes
 11140 | D:8      | Reached skill level 5 in Summonings
 11140 | D:8      | Reached skill level 5 in Necromancy
 11140 | D:8      | Reached skill level 5 in Translocations
 11140 | D:8      | Reached skill level 5 in Fire Magic
 11140 | D:8      | Reached skill level 5 in Ice Magic
 11140 | D:8      | Reached skill level 5 in Air Magic
 11140 | D:8      | Reached skill level 5 in Earth Magic
 11140 | D:8      | Reached skill level 5 in Poison Magic
 11140 | D:8      | Reached XP level 11. HP: 2/84 MP: 18/23
 11140 | D:8      | Succumbed to nuka's ghost's poison

Illustrated notes

Levels and vault maps discovered:
D:1:      minmay_arrival_four_circles, layout_basic, serial_shops, shop,
          chequers_ecumenical_altar_lobes, item_on_display_b
D:2:      layout_basic, serial_glass, glass_columns_c, glass_columns_a
D:3:      layout_loops_ring, serial_bayou_lagoon_a
D:4:      kb_forest_paths, layout_basic, nicolae_ossuary_entry_catacombs,
          uniq_edmund
D:5:      layout_basic
D:6:      layout_layer_cave, mainiacjoe_overflow_tiny_flanked,
          minmay_temple_entry_waves, uniq_maggie
D:7:      layout_rooms, serial_shops, shop, minivault_25, chequers_avenue
D:8:      layout_gridville, gammafunk_ghost_smash, minmay_microvault,
          uniq_maurice
D:9:      layout_rooms, lair_entry_dummy, orc_0_dummy,
          hellmonk_guarded_unrand_vines, uniq_joseph, uniq_erica
Temple:   kilobyte_greek_temple

Skill      XL: |  1  2  3  4  5  6  7  8  9 10 |
---------------+-------------------------------+-----
Spellcasting   | 5 6 7 8 |  8.4
Invocations    | 1 2 3 4 5 7 |  7.3
Short Blades   | 1 2 3 4 6 |  6.6
Long Blades    | 1 2 3 4 6 |  6.6
Axes           | 1 2 3 4 6 |  6.6
Maces & Flails | 1 2 3 4 6 |  6.6
Polearms       | 1 2 3 4 6 |  6.6
Staves         | 1 2 3 4 6 |  6.6
Slings         | 1 2 3 4 6 |  6.6
Bows           | 1 2 3 4 6 |  6.6
Crossbows      | 1 2 3 4 6 |  6.6
Throwing       | 1 2 3 4 6 |  6.6
Armour         | 1 2 3 4 6 |  6.6
Stealth        | 1 2 3 4 6 |  6.6
Shields        | 1 2 3 4 6 |  6.6
Evocations     | 1 2 3 4 6 |  6.6
Conjurations   | 1 2 3 4 5 |  5.5
Hexes          | 1 2 3 4 5 |  5.5
Summonings     | 1 2 3 4 5 |  5.5
Necromancy     | 1 2 3 4 5 |  5.5
Translocations | 1 2 3 4 5 |  5.5
Fire Magic     | 1 2 3 4 5 |  5.5
Ice Magic      | 1 2 3 4 5 |  5.5
Air Magic      | 1 2 3 4 5 |  5.5
Earth Magic    | 1 2 3 4 5 |  5.5
Poison Magic   | 1 2 3 4 5 |  5.5
Fighting       | 3 4 5 7 |  7.2
Transmutations | 4 5 6 |  6.8
Dodging        | 5 6 8 |  8.1
Unarmed Combat | 7 8 9 |  9.4

Action                   |  1- 3 |  4- 6 |  7- 9 | 10-12 || total
-------------------------+-------+-------+-------+-------++-------
Melee: Unarmed           |   101 |   180 |   247 |    43 ||   571
       Kick              |    19 |    30 |     1 |       ||    50
       Headbutt          |     8 |    11 |     1 |       ||    20
       Bite              |     3 |     9 |    23 |     2 ||    37
       Punch             |     4 |     3 |     4 |       ||    11
       War axe           |       |       |    82 |    52 ||   134
Throw: Dart              |       |     2 |       |       ||     2
 Cast: Beastly Appendage |    26 |    14 |     1 |       ||    41
       Spider Form       |       |    11 |    19 |     6 ||    36
       Conjure Flame     |       |     2 |       |       ||     2
       Ice Form          |       |     1 |       |       ||     1
Invok: Bend Time         |       |       |       |     1 ||     1
 Abil: End Transformatio |       |       |       |     1 ||     1
Evoke: Wand              |       |       |       |     1 ||     1
  Use: Scroll            |       |       |     7 |     5 ||    12
       Potion            |       |       |       |     9 ||     9
 Stab: Sleeping          |       |     6 |    11 |     3 ||    20
       Distracted        |       |       |     1 |       ||     1
Armor: Robe              |    24 |    13 |    14 |       ||    51
       Skin              |       |     2 |     9 |    19 ||    30
       Ring mail         |       |       |    13 |       ||    13
       Steam dragon scal |       |       |    32 |    14 ||    46
Dodge: Dodged            |    63 |    77 |   219 |    76 ||   435
Block: Buckler           |       |       |    24 |    21 ||    45
